 Dungeon Crawl Stone Soup version 0.17-a0-2064-g265a032 (webtiles) character file.

2535 GilaZews the Archer (level 9, 15/67 HPs)
             Began as a Centaur Hunter on Sept 29, 2015.
             Was a Believer of Okawaru.
             Quit the game on level 7 of the Dungeon on Oct 13, 2015.
             The game lasted 01:02:12 (9138 turns).

GilaZews the Archer (Centaur Hunter)                Turns: 9138, Time: 01:02:13

Health: 15/67      AC:  7    Str: 14    XL:     9   Next: 30%
Magic:  12/12      EV:  9    Int: 10    God:    Okawaru [**....]
Gold:   303        SH:  0    Dex: 14    Spells: 0 memorised, 8 levels left

rFire  . . .     SeeInvis .     w - +0 spear
rCold  . . .     Clarity  .     d - +0 leather armour
rNeg   . . .     SustAt   .     (no shield)
rPois  .         Gourm    .     (no helmet)
rElec  .         Spirit   .     (no cloak)
rCorr  .         Warding  .     y - +1 pair of gloves
rMut   .         Stasis   .     g - +0 centaur barding
MR     .....                    (no amulet)
Stlth  +.........               (no ring)
                                (no ring)

@: corroded equipment, very quick, not resistant to hostile enchantments, very
unstealthy
A: hooves 3, deformed body, speed 2, tough skin 3
a: Heroism, Renounce Religion


You were on level 7 of the Dungeon.
You worshipped Okawaru.
Okawaru was pleased with you.
You were not hungry.

You visited 1 branch of the dungeon, and saw 7 of its levels.
You also visited: Sewer.

You collected 303 gold pieces.

Inventory:

Hand Weapons
 c - a +0 longbow of velocity
 w - a +0 spear (weapon)
Missiles
 b - 67 arrows
 s - 8 poisoned arrows
Armour
 d - a +0 leather armour (worn)
 g - a +0 centaur barding (worn)
 p - a cursed +0 plate armour
 y - a +1 pair of gloves (worn)
Wands
 D - a wand of paralysis (12)
Scrolls
 h - 4 scrolls of remove curse {unknown}
 k - 2 scrolls of random uselessness {unknown}
 l - a scroll of immolation {unknown}
 m - 6 scrolls of identify {unknown}
 n - a scroll of fear {unknown}
 q - a scroll of amnesia {unknown}
 u - a scroll of teleportation {unknown}
 C - 2 scrolls of blinking {unknown}
 F - a scroll of torment {unknown}
 H - a scroll of recharging {unknown}
Potions
 f - a potion of degeneration {unknown}
 i - 3 potions of flight {unknown}
 j - a potion of resistance {unknown}
 o - a potion of lignification {unknown}
 r - a potion of invisibility {unknown}
 v - 3 potions of cancellation {unknown}
 x - 2 potions of mutation {unknown}
 z - a potion of curing
 A - a potion of haste {unknown}
 B - 2 potions of magic {unknown}
 E - 4 potions of heal wounds {unknown}
Books
 G - a book of Conjurations

   Spells                             Type                      Level
   a - Magic Dart                     Conjuration                  1
   b - Searing Ray                    Conjuration                  2
   c - Dazzling Spray                 Conjuration/Hexes            3
   d - Fulminant Prism                Conjuration/Hexes            4
   e - Iskenderun's Mystic Blast      Conjuration                  4
   f - Iskenderun's Battlesphere      Conjuration/Charms           5
Comestibles
 a - 10 chunks of flesh
 e - a bread ration
 t - 3 meat rations


   Skills:
 - Level 2.1 Fighting
 * Level 6.5 Polearms
 + Level 9.4 Bows
 - Level 2.1 Armour
 + Level 4.3 Dodging
 - Level 2.2 Stealth
 + Level 4.8 Invocations


You had 8 spell levels left.
You didn't know any spells.

Dungeon Overview and Level Annotations

Branches:
Dungeon (7/15)
 Temple: D:4-7

Altars:
Ashenzari
Dithmenos
Fedhas
Gozag
Kikubaaqudgha
Nemelex Xobeh
Okawaru
Qazlal
Yredelemnul

Annotations:
D:5 Prince Ribbit, Sigmund


Innate Abilities, Weirdness & Mutations

You have hooves in place of feet.
Armour fits poorly on your strangely shaped body.
You cover ground very quickly.
You have extremely tough skin (AC +3).


Message History

Aim: a jelly (heavily wounded)
You reach to attack!
You hit the jelly but do no damage.
Your hands burn!
The jelly is heavily wounded.
Attack whom?
Press: ? - help, Dir - move target cursor, f/p - jelly
Aim: a jelly (heavily wounded)
You reach to attack!
You hit the jelly.
Your hands burn!
* * * LOW HITPOINT WARNING * * *
The jelly is heavily wounded.
Attack whom?
Press: ? - help, Dir - move target cursor, f/p - jelly
Aim: a jelly (heavily wounded)
You reach to attack!
You hit the jelly.
Your hands burn!
* * * LOW HITPOINT WARNING * * *
The jelly is heavily wounded.
Saving game... please wait.
Welcome back, GilaZews the Centaur Hunter.
Okawaru says: Bring me glory in combat!
Press ? for a list of commands and other information.
Are you sure you want to abandon this character and quit the game? (Confirm with "yes".)

............# #.. ............#
+.. ...........+ #.#
#.####..##.#
#+##+####.####.####..##<####+#
...(.......#....#.............#
...........#....#.............#
...........#....'.............+
...........'...@#.............#
.....(.....#...J#.............#
####+###'####...##...####+######
............#...##...#
.........†.))....#...#
............#....+...#
.(.....÷....#....#...+
............##...#...#
#+###+##........######


You could see a jelly.

Vanquished Creatures
  Pikel (D:6)
  A water moccasin (D:7)
  2 phantoms (D:6)
  A black bear (D:6)
  An ice beast (D:5)
  3 ogres
  A centaur (D:7)
  A big kobold (Sewer)
  4 giant frogs
  2 scorpions (D:7)
  A water moccasin skeleton (D:4)
  2 giant frog zombies (D:7)
  2 crimson imps (D:6)
  4 hounds
  An iguana (D:7)
  3 orc wizards
  A giant frog skeleton (D:4)
  4 worker ants
  A hound skeleton (D:4)
  4 gnolls (D:4)
  13 adders
  A river rat (Sewer)
  A shadow imp (D:5)
  An ooze (D:5)
  4 adder skeletons
  8 worms
  3 giant geckos (D:3)
  10 orcs
  4 bats
  8 giant cockroaches
  6 goblins
  10 hobgoblins
  11 jackals
  4 ball pythons
  7 giant newts
  9 kobolds
  5 quokkas
  12 rats
157 creatures vanquished.

Notes
Turn   | Place    | Note
--------------------------------------------------------------
     0 | D:1      | GilaZews the Centaur Hunter began the quest for the Orb.
     0 | D:1      | Reached XP level 1. HP: 17/17 MP: 1/1
   320 | D:1      | Reached XP level 2. HP: 21/24 MP: 2/2
  1127 | D:2      | Reached skill level 1 in Stealth
  1424 | D:2      | Reached XP level 3. HP: 24/29 MP: 3/3
  1916 | D:2      | Reached skill level 6 in Bows
  1916 | D:2      | Reached XP level 4. HP: 36/36 MP: 4/4
  2566 | D:3      | Found a blossoming altar of Fedhas.
  2630 | D:3      | HP: 1/36 [orc wizard/dagger (2)]
  2634 | D:3      | Reached XP level 5. HP: 1/41 MP: 5/5
  3163 | D:3      | Found a sparkling altar of Nemelex Xobeh.
  3917 | D:3      | Found a stormy altar of Qazlal.
  4039 | D:4      | Found a shadowy altar of Dithmenos.
  4333 | D:4      | Reached skill level 1 in Polearms
  4446 | D:4      | Noticed an ogre
  4460 | D:4      | Killed an ogre
  4460 | D:4      | Reached XP level 6. HP: 48/48 MP: 6/6
  4711 | D:4      | Noticed an ogre
  4756 | D:4      | Killed an ogre
  4765 | D:4      | Found an iron altar of Okawaru.
  4772 | D:4      | Became a worshipper of Warmaster Okawaru
  4783 | D:4      | Reached XP level 7. HP: 43/55 MP: 7/7
  4913 | D:4      | Found a shattered altar of Ashenzari.
  5280 | D:4      | Reached skill level 5 in Polearms
  5308 | D:4      | Found an ancient bone altar of Kikubaaqudgha.
  5561 | D:5      | Entered Level 5 of the Dungeon
  5561 | D:5      | Noticed Sigmund
  5814 | D:5      | Reached skill level 7 in Bows
  5814 | D:5      | Reached skill level 1 in Invocations
  5942 | D:5      | Noticed Prince Ribbit
  6322 | D:6      | Reached piety under Okawaru
  6390 | D:6      | Reached XP level 8. HP: 49/61 MP: 9/9
  6499 | D:6      | Reached skill level 1 in Armour
  6743 | D:6      | Reached skill level 8 in Bows
  6839 | D:6      | Found a basalt altar of Yredelemnul.
  6861 | D:6      | Found a glowing drain.
  6894 | Sewer    | Entered a sewer
  7007 | Sewer    | Found a white marble altar of Elyvilon.
  7924 | D:6      | Noticed Pikel
  7990 | D:6      | Killed Pikel
  7990 | D:6      | Reached skill level 9 in Bows
  7990 | D:6      | Reached XP level 9. HP: 67/67 MP: 10/12
  8607 | D:7      | Found an opulent altar of Gozag.
  9138 | D:7      | Upgraded the game from 0.17-a0-1927-g319369b to 0.17-a0-2064-g265a032
  9138 | D:7      | Quit the game

Vault maps used:
D:1:      eino_arrival_cavern_a, hangedman_feature_mirror
D:2:      minmay_close_crescents
D:3:      nicolae_overflow_hidden_temple, lemuel_coloured_pillars_altar,
          fedhas_altar_2, serial_forest, infiniplex_forest_lined_2,
          infiniplex_forest_lined_room_2, infiniplex_forest_straight_3,
          infiniplex_forest_clump_long, infiniplex_forest_fountain,
          infiniplex_forest_lined_4_way, infiniplex_forest_corner_1,
          item_on_display_a
D:4:      overflow_temple_1_default, lemuel_round_altar,
          cheibrodos_ashenzari_chains, kiku_gazebo_pond_becter,
          kennysheep_doodads, nrook_mini_vaults,
          hangedman_abyss_or_decor_lesser_grid
D:5:      led_sif_book, nicolae_ru_path_of_blood, temple_hall, first_bread,
          uniq_prince_ribbit1, uniq_sigmund
D:6:      gup_sewer_entry_glass, interstate_on_off, yredelemnul_altar_generic,
          uniq_pikel
D:7:      overflow_temple_1_default
Sewer:    sewer_kobolds

Action                   |  1- 3 |  4- 6 |  7- 9 || total
-------------------------+-------+-------+-------++-------
Melee: Short sword       |    99 |   130 |       ||   229
       Spear             |       |    60 |   286 ||   346
 Fire: Shortbow          |    82 |    91 |   206 ||   379
       Longbow           |       |       |    30 ||    30
  Use: Potion            |       |     2 |     4 ||     6
  Eat: Chunk             |     2 |     7 |    12 ||    21
